 Dungeon Crawl Stone Soup version 0.30-a0-1157-g2cc9ac7196 (webtiles) character file.

Game seed: 1157055776647777835

2 Orangeyouglad the Sneak (level 1, 0/18 HPs)
             Began as a Human Delver on Apr 24, 2023.
             Slain by an orc
             ... wielding a +0 flail
              (7 damage)
             ... on level 3 of the Dungeon.
             The game lasted 00:00:36 (138 turns).

Orangeyouglad the Sneak (Human Delver)               Turns: 138, Time: 00:00:37

Health: 0/18       AC:  3    Str: 12    XL:     1   Next: 33%
Magic:  1/1        EV: 12    Int: 10    God:
Gold:   11         SH:  0    Dex: 14    Spells: 0/0 levels left

rFire   . . .        a - +0 falchion
rCold   . . .        (no shield)
rNeg    . . .        b - +0 leather armour
rPois   .            (no helmet)
rElec   .            (no cloak)
rCorr   .            (no gloves)
SInv    .            (no boots)
Will    .....        (no amulet)
Stlth   +++          (no ring)
HPRegen 0.23/turn    (no ring)
MPRegen 0.07/turn

%: no passive effects
@: no status effects
A: no striking features
a: no special abilities


You were on level 3 of the Dungeon.
You visited 1 branch of the dungeon, and saw 3 of its levels.

You collected 11 gold pieces.

Inventory:

Hand Weapons
 a - a +0 falchion (weapon)
Armour
 b - a +0 leather armour (worn)
Wands
 g - a wand of digging (3)
Scrolls
 c - a scroll of fog
 d - a scroll of magic mapping
 e - a scroll of fear
Potions
 h - 2 potions of curing {unknown}


   Skills:
 + Level 3.0 Fighting
 + Level 2.0 Long Blades
 + Level 2.0 Dodging
 + Level 5.0 Stealth


You couldn't memorise any spells.
You didn't know any spells.
Your spell library was empty.

Dungeon Overview and Level Annotations

Branches:
Dungeon (5/15)
 Temple: D:4-7

Altars:


Message History

Found a metallic green potion.
You see here an orange potion.
h - 2 orange potions (gained 1)
Found a runed scale mail.
Found a murky red potion and 4 stones.
Found a sling.
An orc comes into view. It is wielding a +0 hand axe.
An orc comes into view. It is wielding a +0 flail.
An orc comes into view. It is wielding a +0 dagger.
The orc moves out of view.
The orc shouts! x2; You hear a shout!
The orc shouts!
The orc throws a boomerang.
The boomerang closely misses you.
Found 11 gold pieces.
The orc throws a boomerang.
The boomerang barely misses you.
A dart slug comes into view.
Found a blue potion.
Your extra speed is starting to run out.
There are no items here.
You see here 11 gold pieces.
You now have 11 gold pieces.
You feel yourself slow down.
Found 10 gold pieces.
The orc barely misses you.
You hit the orc.
The orc is severely wounded.
The orc hits you but does no damage. The orc misses you.
You hit the orc but do no damage.
The orc is severely wounded.
The orc barely misses you.
You closely miss the orc.
The orc is severely wounded.
The orc hits you with a +0 flail.
You closely miss the orc.
The orc is severely wounded.
The orc hits you with a +0 flail.
You barely miss the orc. Your punch misses the orc.
The orc is severely wounded.
The orc hits you with a +0 flail!
You die...

###.####### #..........
#.#.###### #.#....# #...
#.####.# #...
#######.####.#### #...
#...............# #...
#........o......# #...
#.......@.......# #...
#...............######...
#...................o....
#...............########$
##########....... #.
######### #. #. #. ##


You could see an orc.

Vanquished Creatures
  An orc (D:5)
1 creature vanquished.

Notes
Turn   | Place    | Note
-------+----------+-------------------------------------------
     0 | D:5      | Orangeyouglad the Human Delver began the quest for the Orb.
     0 | D:5      | Reached XP level 1. HP: 18/18 MP: 1/1
   138 | D:3      | Slain by an orc

Illustrated notes

Levels and vault maps discovered:
D:3:      layout_basic, uniq_terence
D:4:      layout_rooms
D:5:      layout_rooms, mainiacjoe_overflow_surrounded_room

Action                     || total
---------------------------++-------
  Melee: Falchion          ||     8
    Use: Potion            ||     1
 Armour: Leather armour    ||     3
  Dodge: Dodged            ||    13

Table legend: (Time is in decaauts)
 A = Elapsed time spent in this place.
 B = Non-inter-level travel time spent in this place.
 C = Inter-level travel time spent in this place.
 D = Time resting spent in this place.
 E = Time spent auto-exploring this place.
 F = Levels seen in this place.
 G = Mean time per level.
                   A        B        C        D        E       F      G
               +--------+--------+--------+--------+--------+-----+--------+
         Total |    119 |    119 |      0 |      0 |      0 |   3 |   39.7 |
       Dungeon |    119 |    119 |      0 |      0 |      0 |   3 |   39.7 |
               +--------+--------+--------+--------+--------+-----+--------+

Top non-repeatable levels by time:
     D:3: 86 daAuts
     D:5: 24 daAuts
     D:4: 8 daAuts
